Map: Disco Bloodbath LE

Players

Silky - Winner!

  • Race: Zerg Zerg
  • Spawn Location: 9:00

ShaDoWn

  • Race: Protoss Protoss
  • Spawn Location: 3:00

VOD

Have the link to the VOD?

Description

Time

  • Played on: Sept. 6, 2019, 3:46 p.m.
  • Length: 11:44
Show
View Real Time Build Order
Export as new Build Order

Silky Zerg - Winner!

Build Orders: Hatch First, Lurkers 

Get SALT Encoding   

  12  0:00  Drone  
  13  0:12  Overlord  
  13  0:17  Drone  
  14  0:31  Drone x2  
  16  0:47  Hatchery  
  15  0:51  Drone  
  15  0:54  Drone  
  17  0:57  Drone  
  18  1:09  Extractor  
  17  1:14  Spawning Pool  
  17  1:16  Drone  
  17  1:19  Drone  
  18  1:27  Drone  
  19  1:38  Drone  
  20  1:51  Overlord  
  20  2:00  Queen x2  
  20  2:01  Zergling x4  
  26  2:09  Metabolic Boost  
  26  2:11  Drone x2  
  28  2:21  Drone  
  28  2:22  Drone  
  30  2:33  Hatchery  
  30  2:36  Drone  
  30  2:39  Drone  
  30  2:43  Overlord  
  31  2:47  Drone  
  32  2:53  Queen  
  32  2:58  Drone x2  
  36  3:03  Overlord  
  36  3:07  Drone x2  
  36  3:08  Drone  
  39  3:13  Drone  
  39  3:16  Overlord  
  40  3:22  Drone x2  
  40  3:23  Drone  
  40  3:24  Drone  
  40  3:27  Spore Crawler  
  43  3:34  Queen  
  43  3:35  Drone  
  43  3:36  Drone  
  43  3:37  Drone  
  48  3:46  Spore Crawler, Queen  
  48  3:47  Zergling x2  
  48  3:48  Zergling x2  
  51  3:55  Drone  
  51  3:56  Drone x3  
  51  3:58  Drone  
  51  4:01  Spore Crawler  
  54  4:05  Overlord  
  54  4:06  Zergling x2  
  54  4:09  Drone x2  
  57  4:15  Drone  
  58  4:18  Overlord x2  
  58  4:29  Drone x2  
  58  4:30  Drone  
  58  4:31  Drone x2  
  61  4:33  Lair  
  61  4:39  Roach Warren, Extractor  
  61  4:40  Extractor  
  61  4:41  Drone  
  61  4:44  Drone x2  
  61  4:45  Drone  
  62  4:47  Drone  
  62  4:53  Drone x2  
  62  4:54  Drone  
  62  4:56  Extractor, Drone x2  
  62  4:57  Evolution Chamber  
  62  4:58  Drone  
  66  5:01  Spore Crawler, Drone  
  66  5:04  Drone x2  
  68  5:08  Drone x3  
  68  5:13  Drone  
  70  5:16  Drone x3  
  70  5:19  Overlord  
  73  5:29  Zerg Missile Weapons Level 1  
  73  5:30  Glial Reconstitution  
  73  5:31  Hatchery  
  73  5:32  Overseer  
  72  5:35  Overlord  
  72  5:39  Roach  
  72  5:40  Roach  
  72  5:41  Roach  
  77  5:46  Roach x2  
  77  5:48  Overlord  
  81  5:55  Hydralisk Den  
  77  5:58  Drone x2  
  77  5:59  Drone x3  
  77  6:00  Drone x4  
  77  6:01  Extractor  
  77  6:02  Extractor  
  77  6:03  Roach  
  85  6:07  Overlord  
  85  6:11  Overlord  
  85  6:12  Drone  
  85  6:13  Drone, Pneumatized Carapace  
  85  6:16  Ravager x2  
  85  6:17  Ravager  
  85  6:18  Zergling x4, Roach  
  94  6:20  Drone  
  94  6:21  Drone  
  96  6:27  Grooved Spines  
  96  6:30  Hydralisk  
  98  6:33  Roach  
  98  6:34  Zergling x12  
  98  6:39  Overlord  
  106  6:46  Lurker Den, Hydralisk  
  105  6:53  Overlord  
  107  6:55  Drone x6  
  107  6:57  Drone x3  
  116  7:02  Hydralisk x2  
  116  7:03  Hydralisk  
  116  7:05  Hydralisk  
  116  7:08  Drone x3  
  127  7:12  Hydralisk x2  
  131  7:18  Extractor  
  130  7:27  Hydralisk  
  130  7:28  Hydralisk x2  
  130  7:29  Overlord x2  
  136  7:30  Overlord x2  
  136  7:34  Infestation Pit, Zerg Missile Weapons Level 2  
  136  7:36  Drone  
  136  7:38  Overlord x3, Extractor  
  135  7:47  Overlord  
  135  7:49  Roach  
  135  7:50  Roach x3  
  143  7:53  Roach x2  
  143  7:54  Roach  
  149  8:00  Ravager x2  
  149  8:01  Roach  
  149  8:03  Overlord  
  153  8:07  Overlord  
  153  8:11  Drone x2, Hydralisk  
  153  8:12  Hydralisk x3  
  160  8:21  Hydralisk x4  
  168  8:29  Overlord  
  168  8:35  Hive, Drone x2  
  168  8:38  Lurker  
  171  8:41  Lurker, Hatchery  
  171  8:42  Overlord  
  173  8:48  Roach  
  173  8:49  Roach x3  
  177  9:07  Lurker x5  
  177  9:21  Overlord  
  177  9:27  Spire  
  177  9:28  Roach x10  
  195  9:32  Overlord  
  193  9:53  Hydralisk x3  
  194  10:00  Overlord  
  194  10:03  Hydralisk x6  
  194  10:04  Overlord  
  194  10:10  Roach x8  
  194  10:14  Roach, Hydralisk x7  
  166  10:21  Zergling x10  
  165  10:32  Muscular Augments, Hydralisk x3  
  165  10:33  Zergling x8, Hydralisk  
  174  10:42  Hydralisk  
  174  10:43  Hydralisk x3  
  174  10:48  Hydralisk x3  
  178  10:53  Drone x2  
  180  11:00  Hydralisk x3  
  180  11:02  Roach  
  181  11:12  Roach  
  181  11:13  Roach x3  
  183  11:21  Roach x5  
  183  11:24  Roach x6  
Show
View Real Time Build Order
Export as new Build Order

ShaDoWn Protoss 

Build Orders: 1 Gate Expand, Oracle Opening, Archon Immortal 

Get SALT Encoding   

  12  0:00  Probe  
  13  0:12  Probe  
  14  0:20  Pylon  
  14  0:24  Probe  
  15  0:29  Assimilator  
  15  0:35  Probe  
  16  0:43  Gateway, Probe  
  17  0:52  Probe  
  18  1:04  Probe  
  19  1:17  Probe  
  20  1:23  Nexus  
  20  1:33  Cybernetics Core  
  20  1:36  Probe  
  21  1:41  Assimilator  
  21  1:48  Probe  
  21  1:50  Pylon  
  22  1:59  Adept  
  22  2:00  Probe  
  23  2:12  Probe  
  23  2:14  Stargate  
  26  2:21  Warp Gate  
  26  2:24  Probe  
  26  2:29  Stalker  
  29  2:31  Probe  
  29  2:32  Probe  
  31  2:39  Probe  
  31  2:40  Probe  
  32  2:49  Probe  
  32  2:50  Oracle  
  32  2:51  Probe  
  38  3:01  Probe  
  39  3:06  Probe  
  39  3:07  Pylon  
  40  3:13  Probe  
  40  3:17  Oracle  
  40  3:18  Probe  
  42  3:25  Probe  
  42  3:26  Gateway  
  43  3:29  Adept  
  43  3:30  Probe  
  49  3:37  Probe  
  49  3:38  Assimilator x2  
  50  3:42  Pylon, Probe  
  51  3:50  Probe  
  51  3:54  Probe  
  53  3:57  Robotics Facility  
  53  4:02  Probe  
  54  4:06  Probe  
  55  4:11  Probe  
  55  4:12  Sentry  
  55  4:15  Nexus  
  58  4:18  Pylon, Probe  
  58  4:19  Probe  
  60  4:31  Probe x2  
  62  4:40  Forge, Twilight Council, Sentry x2  
  62  4:42  Immortal  
  62  4:43  Pylon  
  70  5:00  Pylon  
  70  5:01  Probe x2  
  70  5:03  Protoss Ground Weapons Level 1  
  72  5:10  Pylon  
  72  5:11  Immortal  
  72  5:13  Probe x2  
  71  5:19  Charge  
  75  5:25  Gateway, Probe  
  75  5:27  Probe  
  75  5:28  Probe  
  78  5:33  Gateway  
  78  5:37  Probe  
  78  5:40  Probe x2  
  81  5:44  Immortal, Gateway  
  81  5:49  Probe  
  82  5:52  Probe  
  86  6:03  Gateway  
  86  6:04  Templar Archives, Gateway  
  85  6:10  Gateway, Probe x2  
  87  6:14  Immortal  
  87  6:20  Zealot  
  87  6:21  Zealot  
  87  6:23  Probe  
  96  6:27  Probe x2, Assimilator  
  96  6:29  Assimilator  
  98  6:37  Pylon x2  
  98  6:38  Zealot x2  
  102  6:40  Pylon  
  102  6:46  Warp Prism  
  102  6:53  Pylon  
  104  6:54  High Templar x2  
  104  6:55  High Templar  
  104  6:57  High Templar  
  104  6:59  Archon  
  112  7:02  Archon  
  112  7:03  Probe  
  112  7:07  High Templar  
  112  7:08  Zealot x2, High Templar  
  117  7:13  Archon  
  117  7:14  Pylon  
  117  7:15  Observer  
  122  7:24  Protoss Ground Weapons Level 2  
  122  7:30  Nexus  
  119  7:42  High Templar x2  
  119  7:43  Zealot x6  
  135  7:45  Photon Cannon  
  135  7:47  Psionic Storm  
  135  7:48  Archon  
  135  7:53  Pylon  
  135  7:59  Probe  
  135  8:02  Probe  
  135  8:03  Probe  
  138  8:08  Zealot x5  
  138  8:11  Probe  
  149  8:15  Immortal  
  149  8:28  Probe x2  
  149  8:31  High Templar x3  
  149  8:32  Photon Cannon  
  149  8:33  Photon Cannon  
  157  8:35  Shield Battery  
  157  8:38  Assimilator  
  157  8:42  Probe  
  157  8:43  Photon Cannon, Pylon, High Templar x2  
  157  8:44  Shield Battery  
  157  8:46  Stalker  
  164  8:50  Stalker  
  164  8:52  Zealot  
  166  9:03  Zealot x3  
  166  9:05  Photon Cannon  
  172  9:15  High Templar x2  
  172  9:17  Immortal  
  170  9:20  Assimilator  
  170  9:23  Zealot  
  172  9:38  Fleet Beacon  
  172  9:39  Stargate  
  172  9:40  Photon Cannon  
  168  9:56  Observer, Zealot x4  
  168  9:57  Zealot x3  
  130  10:19  Archon  
  111  10:21  Zealot x6  
  111  10:24  Observer  
  122  10:30  Probe  
  122  10:31  Probe  
  122  10:32  Probe x2  
  121  10:43  Probe  
  121  10:48  Probe  
  121  10:49  Probe  
  121  10:50  Templar Archives  
  121  10:55  Probe  
  129  10:58  Assimilator  
  129  11:00  Probe  
  129  11:01  Pylon  
  130  11:08  Zealot x3  
  130  11:10  Probe  
  126  11:23  Zealot x2  
  122  11:28  Zealot x3  
Tags
 
Add a new tag
Caveats
  • Supply blocks, unpowered buildings, or Contaminate may cause inaccurate times.
  • Supply counts are checked every 10 seconds.